 Dungeon Crawl Stone Soup version 0.23.0 (webtiles) character file.

Game seed: 2227144212203972847

264 Borgoz the Chopper (level 6, 0/55 HPs)
             Began as a Hill Orc Monk on Feb 16, 2019.
             Slain by an orc priest
             ... wielding a +0 short sword
              (2 damage)
             ... on level 4 of the Dungeon.
             The game lasted 00:06:27 (4325 turns).

Borgoz the Chopper (Hill Orc Monk)                  Turns: 4325, Time: 00:06:28

Health: 0/55       AC:  2    Str: 14    XL:     6   Next: 19%
Magic:  6/6        EV: 14    Int: 10    God:
Gold:   203        SH:  0    Dex: 15    Spells: 5/5 levels left

rFire    . . .     SeeInvis .   a - +0 hand axe
rCold    . . .     Gourm    .   (no shield)
rNeg     . . .     Faith    .   b - +0 robe
rPois    .         Spirit   .   (no helmet)
rElec    .         Reflect  .   (no cloak)
rCorr    .         Harm     .   (no gloves)
MR       .....                  (no boots)
Stlth    ++........             (no amulet)
HPRegen  0.18/turn              (no ring)
MPRegen  0.10/turn              (no ring)

@: no status effects
A: no striking features
a: Convert to Beogh


You were on level 4 of the Dungeon.
You were not hungry.

You visited 1 branch of the dungeon, and saw 4 of its levels.

You collected 203 gold pieces.

Inventory:

Hand Weapons
 a - a +0 hand axe (weapon)
Armour
 b - a +0 robe (worn)
Scrolls
 f - 2 scrolls of fear {unknown}
 j - a scroll of enchant weapon {unknown}
 k - a scroll of blinking {unknown}
 n - a scroll of random uselessness {unknown}
 o - a scroll of amnesia {unknown}
 p - 2 scrolls of remove curse {unknown}
 q - 2 scrolls of teleportation {unknown}
 r - 2 scrolls of identify
 s - a scroll of enchant armour {unknown}
Potions
 d - a potion of degeneration {unknown}
 e - a potion of mutation {unknown}
 g - a potion of cancellation
 l - a potion of might
 m - 2 potions of lignification {unknown}
 t - a potion of brilliance {unknown}
Comestibles
 c - 12 rations
 u - 2 chunks of flesh


   Skills:
 + Level 4.8 Fighting
 + Level 5.3 Axes
 + Level 2.6 Armour
 * Level 4.0 Dodging
 - Level 1.5 Stealth


You had 5 spell levels left.
You didn't know any spells.
Your spell library was empty.

Dungeon Overview and Level Annotations

Branches:
Dungeon (4/15)
 Temple: D:4-7

Altars:


Message History

The orc priest is moderately wounded.
You miss something.
You hear some strange, mumbled words.
Something tries to affect you, but you resist.
The orc priest closely misses you.
You hear some strange, mumbled words.
A puff of flame appears from out of thin air!
The puff of flame misses you.
The orc priest shouts, "Join the one true god or die!"
You hit the orc priest.
The orc priest is heavily wounded.
You barely miss something.
The orc priest threatens, "By the altar or by the axe, you will meet Beogh!"
The orc priest closely misses you. Something hits you but does no damage.
The orc priest shouts, "Surrender to Beogh and we'll let you live!"
You hit the orc priest.
The orc priest is severely wounded.
You hit something.
The orc priest hits you with a +0 short sword.
You die...

..### #.# #.# ###
#.######'## #
#......÷.÷#
#.........#
#.........#
#...).....#
#.........#
#.........#
#......)@.#
#......o<{#######
#####'##.........
#..#......### ##
#......#
#.#......#
#........#
##.......#
...o#.####


You could see an orc priest.

Vanquished Creatures
  A centaur skeleton (D:2)
  Terence (D:2)
  A worker ant (D:4)
  4 gnolls (D:2)
  4 adders
  3 oozes
  3 worms (D:3)
  3 dart slugs
  2 leopard geckos
  6 orcs
  A bat (D:2)
  3 giant cockroaches
  11 goblins
  6 hobgoblins
  5 jackals
  2 quokkas
  A ball python (D:3)
  2 frilled lizards (D:1)
  9 kobolds
  A leopard gecko skeleton (D:4)
  18 rats
87 creatures vanquished.

Notes
Turn   | Place    | Note
-------+----------+-------------------------------------------
     0 | D:1      | Borgoz the Hill Orc Monk began the quest for the Orb.
     0 | D:1      | Reached XP level 1. HP: 19/19 MP: 1/1
   147 | D:1      | Reached XP level 2. HP: 24/27 MP: 2/2
   218 | D:1      | Reached skill level 1 in Armour
   454 | D:1      | Reached XP level 3. HP: 33/33 MP: 3/3
  1459 | D:2      | Reached XP level 4. HP: 18/40 MP: 4/4
  1537 | D:2      | Noticed Terence
  1739 | D:2      | Killed Terence
  1967 | D:3      | Reached XP level 5. HP: 42/47 MP: 5/5
  2694 | D:3      | Reached skill level 5 in Axes
  3214 | D:4      | Noticed a black bear
  3982 | D:4      | Reached XP level 6. HP: 40/53 MP: 6/6
  4318 | D:4      | HP: 1/55 [orc priest/nerve-wracking pain (11)]
  4325 | D:4      | Slain by an orc priest

Skill      XL: |  1  2  3  4  5  6 |
---------------+-------------------+-----
Armour         | 1 2 |  2.6
Fighting       | 4 |  4.8
Dodging        | 3 4 |  4.0
Axes           | 5 |  5.3
Stealth        | |  1.5

Action                   |  1- 3 |  4- 6 || total
-------------------------+-------+-------++-------
Melee: Hand axe          |   116 |   206 ||   322
  Use: Scroll            |       |     5 ||     5
       Potion            |       |     6 ||     6
 Stab: Sleeping          |     4 |     4 ||     8
  Eat: Chunk             |     2 |     9 ||    11
Armor: Robe              |    17 |    30 ||    47
Dodge: Dodged            |    83 |   125 ||   208
